 Seeded DCSS version 0.27-a0-1196-g3e9cee4cb2 (webtiles) character file.

Game seed: 20210530 (custom seed)

293 Snicker the Sneak (level 6, -5/45 HPs)
             Began as a Demonspawn Brigand on May 30, 2021.
             Slain by Sigmund
             ... wielding a +5 vampiric scythe
              (16 damage)
             ... on level 3 of the Dungeon.
             The game lasted 00:06:47 (4433 turns).

Snicker the Sneak (Demonspawn Brigand)              Turns: 4433, Time: 00:06:47

Health: -5/45      AC:  3    Str: 12    XL:     6   Next: 11%
Magic:  6/6        EV: 12    Int: 12    God:
Gold:   129        SH:  0    Dex: 16    Spells: 3/5 levels left

rFire    . . .     SeeInvis .   a - +2 dagger (venom)
rCold    . . .     Faith    .   (no shield)
rNeg     . . .     Spirit   .   b - +0 robe
rPois    .         Reflect  .   (helmet restricted)
rElec    .         Harm     .   g - scarf {repulsion}
rCorr    .         Rampage  .   (no gloves)
Will     .....                  n - +0 pair of boots
Stlth    +++.......             (no amulet)
HPRegen  0.15/turn              (no ring)
MPRegen  0.10/turn              (no ring)

@: repel missiles
A: horns 1, foul stench 1
a: no special abilities


You were on level 3 of the Dungeon.
You visited 1 branch of the dungeon, and saw 3 of its levels.

You collected 129 gold pieces.

Inventory:

Hand Weapons
 a - a +2 dagger of venom (weapon)
 l - a +2 dagger
Missiles
 d - 25 poisoned darts
 e - 2 curare-tipped darts (quivered)
Armour
 b - a +0 robe (worn)
 c - a +0 cloak
 g - a scarf of repulsion (worn)
 n - a +0 pair of boots (worn)
Scrolls
 f - a scroll of brand weapon {unknown}
 h - 2 scrolls of identify {unknown}
 i - 3 scrolls of enchant armour {unknown}
 k - a scroll of enchant weapon {unknown}
 m - a scroll of noise {unknown}
 p - 3 scrolls of silence {unknown}
 q - a scroll of holy word {unknown}
 r - a scroll of torment {unknown}
Potions
 j - 2 potions of flight {unknown}
 o - a potion of degeneration {unknown}


   Skills:
 + Level 2.3 Fighting
 * Level 4.1 Short Blades
 + Level 1.8 Throwing
 + Level 1.6 Dodging
 * Level 5.4 Stealth


You had 3 spell levels left.
You knew the following spells:

 Your Spells              Type           Power      Damage    Failure   Level
a - Call Imp              Summ           0%         N/A       45%         2

Your spell library contained the following spells:

 Spells                   Type           Power      Damage    Failure   Level
 Summon Small Mammal      Summ           0%         N/A       32%         1
 Call Canine Familiar     Summ           0%         N/A       69%         3
 Summon Guardian Golem    Hex/Summ       0%         N/A       69%         3
 Summon Ice Beast         Ice/Summ       0%         N/A       97%         4
 Summon Lightning Spire   Summ/Air       0%         N/A       97%         4


Dungeon Overview and Level Annotations

Branches:
Dungeon (3/15)

Altars:
Trog
Wu Jian

Shops:
D:3 =

Annotations:
D:3 Sigmund


Innate Abilities, Weirdness & Mutations

You have a pair of small horns on your head.
You may rarely emit foul miasma when damaged in melee.


Message History

Sigmund screams, "You will never...
NEVER!!!"
Sigmund drinks a potion.
Sigmund flickers and vanishes!
Deactivating autopickup; reactivate with Ctrl-A.
Things that are here:
a +0 spear; a +0 scale mail A gnoll comes into view.
It is wielding a +0 spear.
Items here: )) [[ †.
Things that are here:
a +0 club; a +0 halberd
Items here: ))) [ ††.
You see here a +0 short sword.
There is an escape hatch in the ceiling here.
You closely miss the gnoll. The gnoll barely misses you.
You hit the gnoll.
The gnoll is poisoned.
Your headbutt misses the gnoll.
The gnoll is lightly wounded.
The gnoll barely misses you.
You hit the gnoll but do no damage.
The gnoll looks even sicker.
You headbutt the gnoll, but do no damage.
The gnoll is lightly wounded.
The gnoll hits you with a +0 club.
You hit the gnoll.
The gnoll is moderately wounded.
The gnoll barely misses you.
You hit the gnoll.
The gnoll looks as sick as possible!
The gnoll is severely wounded.
You hit the gnoll but do no damage.
The gnoll looks as sick as possible!
You headbutt the gnoll.
You kill the gnoll!
Something hits you.
Things that are here:
a +0 club; a gnoll corpse You miss something.
You hear some strange, mumbled words.
A puff of flame appears from out of thin air!
The puff of flame hits you!
You closely miss something. You hit something. Something hits you!
* * * LOW HITPOINT WARNING * * *
You miss something. Something hits you!
You die...

...>....gg...# #.# ##.###..#.
.......####.g###.########.# #..#.
.......####..)..........#.###..#.
............####)######..........
...)...###### #)# #######.###
.......# #.# #......# .......#
#.# #.###### #.###### #{# #.# #.#
#@# #.# #.# #.# #.# #.# #.# #.#
#.# ## #<# #.# ).# ###.# #.#
#.### ... .... #.# #...# .##
#.#####.#######.#.#
#...##............#
#....(.####.####..#


There were no monsters in sight!

Vanquished Creatures
  A howler monkey (D:3)
  2 hounds (D:3)
  An iguana (D:3)
  Robin (D:3)
  6 gnolls (D:3)
  2 dart slugs
  7 orcs (D:3)
  8 endoplasms
  2 giant cockroaches (D:3)
  9 goblins
  8 hobgoblins
  18 jackals
  3 kobolds
  A quokka (D:1)
  2 ball pythons
  9 bats
  4 frilled lizards
  3 rats
87 creatures vanquished.

Vanquished Creatures (others)
  2 plants (D:3)
2 creatures vanquished.

Grand Total: 89 creatures vanquished

Notes
Turn   | Place    | Note
-------+----------+-------------------------------------------
     0 | D:1      | Snicker the Demonspawn Brigand began the quest for the Orb.
     0 | D:1      | Reached XP level 1. HP: 16/16 MP: 1/1
   196 | D:1      | Reached skill level 4 in Stealth
   320 | D:1      | Gained mutation: You have a pair of small horns on your
                  | head. [demonic ancestry]
   320 | D:1      | Reached XP level 2. HP: 22/22 MP: 2/2
   688 | D:1      | Reached skill level 1 in Dodging
  1101 | D:2      | Reached XP level 3. HP: 19/27 MP: 3/3
  1329 | D:2      | Found a faded altar of an unknown god.
  2050 | D:3      | Noticed Robin
  2450 | D:3      | Killed Robin
  2817 | D:3      | Found a bloodstained altar of Trog.
  2901 | D:3      | Found Doerargh's Jewellery Shop.
  2904 | D:3      | Reached XP level 4. HP: 33/33 MP: 4/4
  2940 | D:3      | Found an ornate altar of the Wu Jian Council.
  3281 | D:3      | Reached skill level 5 in Stealth
  3281 | D:3      | Reached XP level 5. HP: 18/38 MP: 5/5
  3968 | D:3      | Learned a level 2 spell: Call Imp
  4335 | D:3      | Gained mutation: You may rarely emit foul miasma when
                  | damaged in melee. [demonic ancestry]
  4335 | D:3      | Reached XP level 6. HP: 43/45 MP: 6/6
  4399 | D:3      | Noticed Sigmund
  4433 | D:3      | Slain by Sigmund

Illustrated notes

Levels and vault maps discovered:
D:1:      minmay_arrival_doors, layout_loops_ring, minmay_misc_feat_pillars
D:2:      layout_basic, shapermc_ecumenical_altar_flowoftime,
          due_unseen_surprise
D:3:      lemuel_castle_with_subvaults [lemuel_castle_interior_carwin_2],
          layout_loops_ring, old_standard_altar, nicolae_wu_jian_wuxing_cycle,
          serial_shops, shop, uniq_crazy_yiuf_cottage, uniq_sigmund, uniq_robin

Skill      XL: |  1  2  3  4  5 |
---------------+----------------+-----
Stealth        | 4 5 |  5.4
Dodging        | 1 |  1.6
Short Blades   | 2 3 4 |  4.1
Fighting       | |  2.3
Throwing       | |  1.8

Action                   |  1- 3 |  4- 6 || total
-------------------------+-------+-------++-------
Melee: Dagger            |   105 |   120 ||   225
       Headbutt          |    19 |    25 ||    44
Throw: Dart              |     3 |       ||     3
 Stab: Sleeping          |     9 |     3 ||    12
Armor: Robe              |    19 |    15 ||    34
Dodge: Dodged            |    65 |    66 ||   131

Table legend: (Time is in decaauts)
 A = Elapsed time spent in this place.
 B = Non-inter-level travel time spent in this place.
 C = Inter-level travel time spent in this place.
 D = Time resting spent in this place.
 E = Time spent auto-exploring this place.
 F = Levels seen in this place.
 G = Mean time per level.
                   A        B        C        D        E       F      G
               +--------+--------+--------+--------+--------+-----+--------+
         Total |   4404 |   4343 |     61 |   1097 |   2464 |   3 | 1468.0 |
       Dungeon |   4404 |   4343 |     61 |   1097 |   2464 |   3 | 1468.0 |
               +--------+--------+--------+--------+--------+-----+--------+

Top non-repeatable levels by time:
     D:3: 1752 daAuts
     D:2: 1644 daAuts
     D:1: 1007 daAuts
